 Dungeon Crawl Stone Soup version 0.31-a0-152-g6aa68a64a1 (webtiles) character file.

Game seed: 5689333772145818226

369 qw the Shooter (level 6, -3/57 HPs)
             Began as a Minotaur Hunter on June 9, 2023.
             Slain by a gnoll
             ... wielding a +0 halberd
              (15 damage)
             ... on level 4 of the Dungeon.
             The game lasted 00:00:41 (1924 turns).

qw the Shooter (Minotaur Hunter)                    Turns: 1924, Time: 00:00:41

Health: -3/57      AC:  3    Str: 15    XL:     6   Next: 41%
Magic:  0/5        EV: 17    Int:  6    God:
Gold:   204        SH:  0    Dex: 16    Spells: 5/5 levels left

rFire   . . .        h - +0 shortbow (heavy)
rCold   + . .        (shield currently unavailable)
rNeg    . . .        c - +0 leather armour
rPois   .            (helmet restricted)
rElec   .            (no cloak)
rCorr   .            (no gloves)
SInv    .            (no boots)
Will    .....        l - amulet of guardian spirit
Stlth   +            j - +5 ring of evasion
HPRegen 0.29/turn    a - ring of protection from cold
MPRegen 0.09/turn

%: guardian spirit
@: no status effects
A: horns 2, retaliatory headbutt
a: no special abilities


You were on level 4 of the Dungeon.
You visited 1 branch of the dungeon, and saw 4 of its levels.

You collected 204 gold pieces.


Innate Abilities, Weirdness & Mutations

You have a pair of horns on your head.
You reflexively headbutt those who attack you in melee.


   Skills:
 - Level 5.7 Fighting
 + Level 7.0 Ranged Weapons
 - Level 2.1 Dodging
 - Level 0.7 Stealth


You had 5 spell levels left.
You didn't know any spells.
Your spell library was empty.

Inventory:

Hand Weapons
 h - a +0 heavy shortbow (weapon)
Armour
 c - a +0 leather armour (worn)
Jewellery
 a - a ring of protection from cold (right hand)
 j - a +5 ring of evasion (left hand)
 l - an amulet of guardian spirit (around neck)
 Y - a +6 ring of strength
Scrolls
 i - a scroll of identify
Potions
 b - a potion of lignification {unknown}
 d - a potion of degeneration {unknown}
 e - a potion of enlightenment {unknown}
 g - a potion of magic {unknown}
 k - a potion of resistance

Dungeon Overview and Level Annotations

Branches:
Dungeon (4/15)
 Temple: D:4-7

Altars:

Annotations:
D:3 3 runed translucent doors, qw's ghost, amateur MiHu


Message History

You shoot an arrow. The arrow hits the quokka!
You kill the quokka!
A gnoll comes into view. It is wielding a +2 whip of holy wrath.
You shoot an arrow. The arrow hits the gnoll!
The gnoll is severely wounded.
A hound comes into view.
You shoot an arrow. The arrow barely misses the gnoll.
The hound barks!
You hear a shout! x2
The gnoll hits you with a +0 club.
A gnoll comes into view. It is wielding a +0 halberd.
You shoot an arrow. The arrow barely misses the gnoll.
The gnoll hits you with a +0 club. x2
You shoot an arrow. The arrow closely misses the gnoll.
The gnoll closely misses you. The hound bites you. The worm barely misses you.
The gnoll closely misses you. You furiously retaliate!
You headbutt the gnoll. You shoot an arrow. The arrow closely misses the gnoll.
The arrow hits the gnoll!
The gnoll is heavily wounded.
The hound barely misses you. You furiously retaliate!
You headbutt the hound! The hound misses you. You furiously retaliate!
You headbutt the hound!
A gnoll comes into view. It is wielding a +0 club.
The worm bites you! The hound completely misses you.
You shoot an arrow. The arrow closely misses the hound.
The gnoll barely misses you. The hound misses you. You furiously retaliate!
You headbutt the hound!
You kill the hound!
The gnoll hits you with a +2 whip of holy wrath.
The gnoll closely misses you.
The gnoll hits you from afar with a +0 halberd!
The gnoll misses you. The gnoll closely misses you. The worm bites you!
Your Ranged Weapons skill increases to level 7!
You shoot an arrow.
The arrow hits the gnoll but does no damage.
The gnoll is severely wounded.
The gnoll hits you with a +0 club.
A sky beast comes into view.
The gnoll hits you with a +2 whip of holy wrath.
The gnoll hits you from afar with a +0 halberd!
You die...

#..............).........
#....................%.##
##.......................
##...##...#..........###
#######.#########...#####
# #..........# #.#.# #
#..........# #...# .
#..........# ....# #
#........g@# ...#.
#.........gwY#
#..........g##
#............
######..##.##g #.. #.. %.
... ... #. #.. ... ..


You could see a sky beast, a worm and 4 gnolls.

Vanquished Creatures
  Sigmund (D:2)
  Blork the orc (D:4)
  2 hounds
  An iguana (D:4)
  An adder (D:2)
  A worm (D:2)
  2 dart slugs (D:4)
  7 bats
  2 endoplasms
  3 giant cockroaches
  4 goblins
  6 hobgoblins
  4 kobolds
  4 quokkas
  6 ball pythons
  2 frilled lizards
  5 rats
52 creatures vanquished.

Notes
Turn   | Place    | Note
-------+----------+-------------------------------------------
     0 | D:1      | qw the Minotaur Hunter began the quest for the Orb.
     0 | D:1      | Reached XP level 1. HP: 18/18 MP: 0/0
     0 | D:1      | 0 ||| qw: Version: 0.2-a-122-g1db1318
     0 | D:1      | 0 ||| qw: Game counter: 3246
     0 | D:1      | 0 ||| qw: Always use a shield: true
     0 | D:1      | 0 ||| qw: God list: Okawaru
     0 | D:1      | 0 ||| qw: Allow faded altars: false
     0 | D:1      | 0 ||| qw: Do Orc after D:15 true
     0 | D:1      | 0 ||| qw: Do second Lair branch before Depths: true
     0 | D:1      | 0 ||| qw: Lair rune preference: random
     0 | D:1      | 0 ||| qw: Plans: Normal
     0 | D:1      | 0 ||| PLANNING D:1-11
   136 | D:1      | Reached XP level 2. HP: 25/25 MP: 1/1
   209 | D:1      | Reached skill level 5 in Ranged Weapons
   594 | D:1      | 594 ||| UPGRADING to ring of resist corrosion.
   595 | D:1      | 595 ||| READING scroll labelled EFIAZA PYWOEN.
   596 | D:1      | 596 ||| READING scroll labelled BOGICVYROA.
   597 | D:1      | 597 ||| READING scroll labelled YNISTRE SASTU.
   598 | D:1      | 598 ||| READING scroll labelled MYATOC TYLIPEA.
   599 | D:1      | 599 ||| READING scroll labelled BYACAQ LOUSE.
   600 | D:1      | 600 ||| DROPPING scroll of butterflies.
   623 | D:2      | Reached skill level 3 in Fighting
   639 | D:2      | Reached XP level 3. HP: 31/31 MP: 2/2
   921 | D:2      | Reached skill level 6 in Ranged Weapons
   921 | D:2      | Reached XP level 4. HP: 38/38 MP: 3/3
   951 | D:2      | Noticed Sigmund
   953 | D:2      | Killed Sigmund
   954 | D:2      | Reached XP level 5. HP: 50/50 MP: 4/4
  1089 | D:2      | 1089 ||| UPGRADING to ring of protection from cold.
  1090 | D:2      | 1090 ||| UPGRADING to +6 ring of strength.
  1092 | D:2      | 1092 ||| READING scroll labelled ASTATS WUEM.
  1143 | D:3      | Found a runed translucent gate.
  1143 | D:3      | Found a runed translucent gate.
  1143 | D:3      | Found a runed translucent gate.
  1147 | D:3      | Noticed qw's ghost (amateur MiHu)
  1413 | D:3      | Found a faded altar of an unknown god.
  1626 | D:3      | 1626 ||| UPGRADING to amulet of guardian spirit.
  1631 | D:3      | 1631 ||| DROPPING ring of resist corrosion.
  1632 | D:3      | 1632 ||| UPGRADING to +5 ring of evasion.
  1634 | D:3      | 1634 ||| DRINKING 2 clear potions.
  1703 | D:4      | Reached XP level 6. HP: 57/57 MP: 5/5
  1782 | D:4      | Noticed Blork the orc
  1790 | D:4      | Killed Blork the orc
  1924 | D:4      | Reached skill level 7 in Ranged Weapons
  1924 | D:4      | HP: 13/57 [gnoll/+0 club (5)]
  1924 | D:4      | Noticed a sky beast
  1924 | D:4      | Slain by a gnoll

Levels and vault maps discovered:
D:1:      scummos_arrival_star, layout_loops_ring
D:2:      layout_loops_ring, uniq_sigmund
D:3:      layout_basic, gammafunk_ghost_nasty_kobolds,
          shapermc_ecumenical_altar_mp_highgroup
D:4:      layout_rooms, mainiacjoe_overflow_alcove_2, uniq_blork_the_orc

Skill      XL: |  1  2  3  4  5  6 |
---------------+-------------------+-----
Ranged Weapons | 5 6 7 |  7.0
Fighting       | 3 5 |  5.7
Dodging        | |  2.1
Stealth        | |  0.7

Action                     |  1- 3 |  4- 6 || total
---------------------------+-------+-------++-------
   Fire: Shortbow          |    67 |    61 ||   128
    Use: Scroll            |     5 |     1 ||     6
         Potion            |       |     1 ||     1
 Armour: Leather armour    |     9 |     1 ||    10
  Dodge: Dodged            |    15 |    16 ||    31

Table legend:
 A = Non-vault XP
 B = Vault XP
 C = Vault XP percentage of total XP
 D = Non-vault monster count
 E = Vault monster count
 F = Vault count percentage of total count
                 A         B        C        D         E       F
            +---------+---------+-------+---------+---------+-------
      Total |     218 |     310 |  58.7 |      50 |       2 |   3.8
            +---------+---------+-------+---------+---------+-------
        D:1 |      28 |       0 |   0.0 |      17 |       0 |   0.0
        D:2 |      80 |     214 |  72.8 |      15 |       1 |   6.2
        D:3 |      10 |       0 |   0.0 |       7 |       0 |   0.0
        D:4 |     100 |      96 |  49.0 |      11 |       1 |   8.3
            +---------+---------+-------+---------+---------+-------
